A+ WEST
VANCOUVER CANADIANS @ EUGENE EMERALDS
05/07/2042
 
TOP OF THE 1ST
Vancouver Canadians batting - Pitching for Eugene Emeralds : RHP José Gómez
Pitching: RHP José Gómez
Batting: LHB Arturo Molina 0-0: Ball
1-0: SINGLE (Groundball, 4M, EV 108.1 MPH) (infield hit)
Batting: RHB Juan Acevedo 0-0: Ball
1-0: Called Strike
1-1: Sac Bunt to P - play at first, batter OUT! 1-3
Arturo Molina to second
Batting: RHB José Cabrera 0-0: Ball
1-0: Ball
2-0: Foul Ball, location: 5FF
2-1: Ball
3-1: Foul Ball, location: 2F
3-2: Foul Ball, location: 9LMF
3-2: Fly out, F4 (Popup, 4M, EV 58.8 MPH)
Batting: RHB Billy Erickson 0-0: Foul Ball, location: 9LSF
0-1: Ball
1-1: Ball
2-1: Called Strike
2-2: Ball
3-2: Fly out, F7 (Line Drive, 7, EV 101.9 MPH)
Top of the 1st over - 0 runs, 1 hit, 0 errors, 1 left on base; Vancouver 0 - Eugene 0
BOTTOM OF THE 1ST
Eugene Emeralds batting - Pitching for Vancouver Canadians : RHP Luis González
Pitching: RHP Luis González
Batting: RHB Freddie Bancroft 0-0: Foul Ball, location: 9LDF
0-1: Swinging Strike
0-2: Strikes out swinging
Batting: RHB Jim Wright 0-0: Ball
1-0: Foul Ball, location: 9LDF
1-1: Foul Ball, location: 9LDF
1-2: Foul Ball, location: 5FF
1-2: Strikes out looking
Batting: LHB Ron Lough 0-0: Ball
1-0: Swinging Strike
1-1: Foul Ball, location: 5F
1-2: Hit by Pitch
Batting: RHB Jeff Quick 0-0: Hit by Pitch
Ron Lough to second
Batting: RHB Raúl Pizarro 0-0: Ball
1-0: Foul Ball, location: 7LSF
1-1: Ball
2-1: Ball
3-1: Base on Balls
Ron Lough to third
Jeff Quick to second
Batting: RHB José Jiménez 0-0: Ball
1-0: Swinging Strike
1-1: Ball
2-1: Foul Ball, location: 7LDF
2-2: Foul Ball, location: 2F
2-2: Fly out, F7 (Flyball, 78M, EV 100.0 MPH)
Bottom of the 1st over - 0 runs, 0 hits, 0 errors, 3 left on base; Vancouver 0 - Eugene 0
TOP OF THE 2ND
Vancouver Canadians batting - Pitching for Eugene Emeralds : RHP José Gómez
Batting: RHB Jesús Correa 0-0: Ball
1-0: Called Strike
1-1: Foul Ball, location: 2F
1-2: Ball
2-2: Ball
3-2: Base on Balls
Batting: RHB Ron Kirkland 0-0: Bunted foul
0-1: Ball
1-1: Bunted foul
1-2: Foul Ball, location: 9LDF
1-2: Foul Ball, location: 3DF
1-2: Ball
2-2: Fly out, F5 (Popup, 56, EV 43.1 MPH)
Pitching: RHP Jim Unknown
Batting: RHB Jack Somers 0-0: Swinging Strike
0-1: Ball
Jesús Correa steals 2nd base
1-1: Ball
2-1: Ball
3-1: Base on Balls
Batting: RHB Juan Flores 0-0: Called Strike
0-1: Foul Ball, location: 3F
0-2: Ground out 3-1 (Groundball, 13, EV 93.1 MPH)
Jesús Correa to third
Jack Somers to second
Batting: RHB Ed Smith 0-0: Ball
1-0: Foul Ball, location: 2F
1-1: Ball
2-1: Foul Ball, location: 5FF
2-2: Strikes out looking
Top of the 2nd over - 0 runs, 0 hits, 0 errors, 2 left on base; Vancouver 0 - Eugene 0
BOTTOM OF THE 2ND
Eugene Emeralds batting - Pitching for Vancouver Canadians : RHP Luis González
Batting: SHB Stan Simpson 0-0: Called Strike
0-1: Swinging Strike
0-2: Ball
1-2: Ball
2-2: Foul Ball, location: 5SF
2-2: Strikes out swinging
Batting: RHB Jim Unknown 0-0: Called Strike
0-1: Called Strike
0-2: Ball
1-2: Ball
2-2: Ball
3-2: Strikes out swinging
Batting: RHB Jim Unknown 0-0: Called Strike
0-1: Ball
1-1: Ball
2-1: Swinging Strike
2-2: Fly out, F9 (Flyball, 9S, EV 86.3 MPH)
Bottom of the 2nd over - 0 runs, 0 hits, 0 errors, 0 left on base; Vancouver 0 - Eugene 0
TOP OF THE 3RD
Vancouver Canadians batting - Pitching for Eugene Emeralds : RHP Jim Unknown
Batting: LHB Arturo Molina 0-0: Ball
1-0: Called Strike
1-1: Foul Ball, location: 7LSF
1-2: Ball
2-2: Ball
3-2: Fly out, F4 (Popup, 3S, EV 91.3 MPH)
Batting: RHB Juan Acevedo 0-0: SINGLE (Line Drive, 34, EV 100.6 MPH)
Batting: RHB José Cabrera 0-0: Called Strike
0-1: Called Strike
0-2: Ball
1-2: Fly out, F2 (Popup, 15S, EV 91.3 MPH)
Batting: RHB Billy Erickson 0-0: Called Strike
0-1: Swinging Strike
0-2: Ball
1-2: Strikes out swinging
Top of the 3rd over - 0 runs, 1 hit, 0 errors, 1 left on base; Vancouver 0 - Eugene 0
BOTTOM OF THE 3RD
Eugene Emeralds batting - Pitching for Vancouver Canadians : RHP Luis González
Batting: RHB Freddie Bancroft 0-0: Ball
1-0: Called Strike
1-1: Ball
2-1: Swinging Strike
2-2: Ball
3-2: Strikes out swinging
Batting: RHB Jim Wright 0-0: Foul Ball, location: 9LDF
0-1: Ball
1-1: Called Strike
1-2: Strikes out swinging
Batting: LHB Ron Lough 0-0: Swinging Strike
0-1: Ball
1-1: Foul Ball, location: 7LSF
1-2: Foul Ball, location: 7LDF
1-2: Strikes out swinging
Bottom of the 3rd over - 0 runs, 0 hits, 0 errors, 0 left on base; Vancouver 0 - Eugene 0
TOP OF THE 4TH
Vancouver Canadians batting - Pitching for Eugene Emeralds : RHP Jim Unknown
Batting: RHB Jesús Correa 0-0: Called Strike
0-1: Foul Ball, location: 7LMF
0-2: Hit by Pitch
Batting: RHB Ron Kirkland 0-0: Bunt missed!
0-1: Sac Bunt to 13S - play at first, batter OUT! 1-3
Jesús Correa to second
Batting: RHB Jack Somers 0-0: Called Strike
0-1: Fly out, F8 (Flyball, 8LXD, EV 81.9 MPH)
Runner from 2nd tags up, SAFE at 3rd, no throw by CF
Batting: RHB Juan Flores 0-0: Ball
1-0: Ball
2-0: Ball
3-0: Base on Balls
Batting: RHB Ed Smith 0-0: Ball
1-0: Fielders Choice at 2nd, 6-4 (Groundball, 6, EV 105.6 MPH)
Top of the 4th over - 0 runs, 0 hits, 0 errors, 2 left on base; Vancouver 0 - Eugene 0
BOTTOM OF THE 4TH
Eugene Emeralds batting - Pitching for Vancouver Canadians : RHP Luis González
Batting: RHB Jeff Quick 0-0: Swinging Strike
0-1: Swinging Strike
0-2: Foul Ball, location: 2RF
0-2: Ball
1-2: Strikes out swinging
Batting: RHB Raúl Pizarro 0-0: Ball
1-0: Ball
2-0: Ball
3-0: Called Strike
3-1: Foul Ball, location: 9LSFF
3-2: Foul Ball, location: 5F
3-2: Foul Ball, location: 9LSF
3-2: Foul Ball, location: 3DF
3-2: Strikes out swinging
Batting: RHB José Jiménez 0-0: Ball
1-0: SINGLE (Line Drive, 6D, EV 98.1 MPH)
Batting: SHB Stan Simpson 0-0: Called Strike
0-1: Called Strike
0-2: Ball
1-2: Ball
2-2: 2-RUN HOME RUN (Flyball, 89XD, EV 101.3 MPH), Distance : 410 ft
Batting: RHB Jim Unknown 0-0: Ball
1-0: Fly out, F2 (Popup, 25F, EV 86.3 MPH)
Bottom of the 4th over - 2 runs, 2 hits, 0 errors, 0 left on base; Vancouver 0 - Eugene 2
TOP OF THE 5TH
Vancouver Canadians batting - Pitching for Eugene Emeralds : RHP Jim Unknown
Batting: LHB Arturo Molina 0-0: Called Strike
0-1: Ball
1-1: Ball
2-1: SINGLE (Groundball, 4MD, EV 98.8 MPH)
Batting: RHB Juan Acevedo 0-0: Ball
1-0: Ground out 5-3 (Groundball, 56S, EV 68.8 MPH)
Arturo Molina to second
Batting: RHB José Cabrera 0-0: Swinging Strike
0-1: Foul Ball, location: 5F
0-2: SINGLE (Groundball, 3D, EV 108.1 MPH)
Arturo Molina to third
Pitching: LHP Curt Smith
Batting: RHB Billy Erickson 0-0: Swinging Strike
0-1: Foul Ball, location: 5F
0-2: Strikes out swinging
Batting: RHB Jesús Correa 0-0: Ball
1-0: Swinging Strike
1-1: Ball
2-1: Ball
3-1: Base on Balls
José Cabrera to second
Batting: RHB Ron Kirkland 0-0: Ball
1-0: Foul Ball, location: 9LDF
1-1: Ball
Wild Pitch!
Arturo Molina scores
José Cabrera to third
Jesús Correa to second
2-1: Ball
3-1: Foul Ball, location: 2F
3-2: Base on Balls
Batting: RHB Jack Somers 0-0: Ball
1-0: Fielders Choice at 2nd, U4 (Groundball, 4M, EV 110.0 MPH)
Top of the 5th over - 1 run, 2 hits, 0 errors, 3 left on base; Vancouver 1 - Eugene 2
BOTTOM OF THE 5TH
Eugene Emeralds batting - Pitching for Vancouver Canadians : RHP Luis González
Batting: RHB Jim Unknown 0-0: Ball
1-0: Swinging Strike
1-1: Swinging Strike
1-2: Fly out, F8 (Line Drive, 8RM, EV 88.8 MPH)
Batting: RHB Freddie Bancroft 0-0: Called Strike
0-1: Ball
1-1: Ball
2-1: Ball
3-1: TRIPLE (Flyball, 9D, EV 97.5 MPH)
Batting: RHB Jim Wright 0-0: Called Strike
0-1: Ball
1-1: Foul Ball, location: 9LDF
1-2: Ball
2-2: Strikes out swinging
Batting: LHB Ron Lough 0-0: Called Strike
0-1: Ball
1-1: Foul Ball, location: 2F
1-2: Ball
2-2: Foul Ball, location: 2F
2-2: Strikes out swinging
Bottom of the 5th over - 0 runs, 1 hit, 0 errors, 1 left on base; Vancouver 1 - Eugene 2
TOP OF THE 6TH
Vancouver Canadians batting - Pitching for Eugene Emeralds : LHP Curt Smith
Batting: RHB Juan Flores 0-0: Ball
1-0: Swinging Strike
1-1: Ball
2-1: Fly out, F9 (Flyball, 89S, EV 74.4 MPH)
Batting: RHB Ed Smith 0-0: Foul Ball, location: 2F
0-1: Ball
1-1: Foul Ball, location: 3FF
1-2: Foul Ball, location: 2F
1-2: Ground out 6-3 (Groundball, 6, EV 83.8 MPH)
Batting: LHB Arturo Molina 0-0: Swinging Strike
0-1: Foul Ball, location: 2F
0-2: Ball
1-2: Foul Ball, location: 2RF
1-2: Ball
2-2: Foul Ball, location: 7LDF
2-2: SINGLE (Groundball, P, EV 82.5 MPH) (infield hit)
Batting: RHB Juan Acevedo 0-0: Called Strike
0-1: Ground out 4-3 (Groundball, 34, EV 78.1 MPH)
Top of the 6th over - 0 runs, 1 hit, 0 errors, 1 left on base; Vancouver 1 - Eugene 2
BOTTOM OF THE 6TH
Eugene Emeralds batting - Pitching for Vancouver Canadians : RHP Luis González
Batting: RHB Jeff Quick 0-0: Called Strike
0-1: SINGLE (Line Drive, 8LS, EV 93.8 MPH)
Pitching: RHP Rodrigo Cruz
Batting: RHB Raúl Pizarro 0-0: Called Strike
0-1: Ball
1-1: Called Strike
1-2: Ball
2-2: Grounds into double play, 6-4-3 (Groundball, 6MS, EV 85.6 MPH)
Batting: RHB José Jiménez 0-0: Ball
1-0: Ground out 6-3 (Groundball, 56D, EV 95.6 MPH)
Bottom of the 6th over - 0 runs, 1 hit, 0 errors, 0 left on base; Vancouver 1 - Eugene 2
TOP OF THE 7TH
Vancouver Canadians batting - Pitching for Eugene Emeralds : LHP Curt Smith
Batting: RHB José Cabrera 0-0: Swinging Strike
0-1: Ball
1-1: Ball
2-1: Ball
3-1: Base on Balls
Batting: RHB Billy Erickson 0-0: Ball
1-0: Called Strike
1-1: Swinging Strike
1-2: Strikes out swinging
Batting: RHB Jesús Correa 0-0: Called Strike
0-1: Ball
1-1: Foul Ball, location: 9LSF
1-2: Strikes out looking
Pitching: LHP Cal Robbins
Batting: RHB Ron Kirkland 0-0: Ball
1-0: Fielders Choice at 2nd, 5-4 (Groundball, 56, EV 90.6 MPH)
Top of the 7th over - 0 runs, 0 hits, 0 errors, 1 left on base; Vancouver 1 - Eugene 2
BOTTOM OF THE 7TH
Eugene Emeralds batting - Pitching for Vancouver Canadians : RHP Rodrigo Cruz
Batting: SHB Stan Simpson 0-0: Swinging Strike
0-1: Ball
1-1: Ground out 4-3 (Groundball, 4, EV 102.5 MPH)
Batting: RHB Jim Unknown 0-0: Ball
1-0: Called Strike
1-1: Swinging Strike
1-2: Strikes out swinging
Pinch Hitting: RHB Bob Good 0-0: SINGLE (Groundball, 34D, EV 97.5 MPH)
Batting: RHB Freddie Bancroft 0-0: Ball
1-0: Ball
2-0: Ball
3-0: Called Strike
3-1: Swinging Strike
3-2: Fly out, F9 (Flyball, 9, EV 81.3 MPH)
Bottom of the 7th over - 0 runs, 1 hit, 0 errors, 1 left on base; Vancouver 1 - Eugene 2
TOP OF THE 8TH
Vancouver Canadians batting - Pitching for Eugene Emeralds : LHP Cal Robbins
Now at 2B: Jim Unknown
Batting: RHB Jack Somers 0-0: SINGLE (Line Drive, 7LM, EV 108.1 MPH)
Batting: RHB Juan Flores 0-0: Ball
1-0: Ball
2-0: SINGLE (Line Drive, 9S, EV 103.1 MPH)
Jack Somers to second
Pinch Runner at 2nd Dan Tutt:
Pinch Hitting: RHB Jonathan Garza 0-0: Called Strike
0-1: Swinging Strike
0-2: Ball
1-2: Strikes out swinging
Pinch Hitting: RHB César Fernández 0-0: Called Strike
0-1: Swinging Strike
0-2: Grounds into double play, 4-6-3 (Groundball, 4, EV 81.9 MPH)
Top of the 8th over - 0 runs, 2 hits, 0 errors, 1 left on base; Vancouver 1 - Eugene 2
BOTTOM OF THE 8TH
Eugene Emeralds batting - Pitching for Vancouver Canadians : RHP Rodrigo Cruz
Now at C: Augusto Moliua
Now at 3B: César Fernández
Now in CF: Dan Tutt
Batting: RHB Jim Wright 0-0: Called Strike
0-1: Ball
1-1: DOUBLE (Line Drive, 9LD, EV 106.3 MPH)
Batting: LHB Ron Lough 0-0: Intentional Walk
Pinch Runner at 2nd Ken Ross:
Batting: RHB Jeff Quick 0-0: Called Strike
0-1: Ball
1-1: Ball
2-1: Swinging Strike
2-2: Grounds into double play, 5-4-3 (Groundball, 5, EV 104.4 MPH)
Ken Ross to third
Batting: RHB Raúl Pizarro 0-0: Called Strike
0-1: Ball
1-1: SINGLE (Groundball, 4MD, EV 104.4 MPH)
Ken Ross scores
Batting: RHB José Jiménez 0-0: Ball
1-0: Foul Ball, location: 5FF
1-1: Ball
2-1: Ball
3-1: Ground out 4-3 (Groundball, 4D, EV 102.5 MPH)
Bottom of the 8th over - 1 run, 2 hits, 0 errors, 1 left on base; Vancouver 1 - Eugene 3
TOP OF THE 9TH
Vancouver Canadians batting - Pitching for Eugene Emeralds : LHP Cal Robbins
Now in RF: Jim Unknown
Batting: RHB Juan Acevedo 0-0: Ball
1-0: Ball
2-0: Fly out, F9 (Line Drive, 9, EV 90.6 MPH)
Batting: RHB José Cabrera 0-0: Ball
1-0: Foul Ball, location: 23F
1-1: Ground out 5-3 (Groundball, 56S, EV 88.1 MPH)
Batting: RHB Billy Erickson 0-0: Foul Ball, location: 2F
0-1: Called Strike
0-2: Ball
1-2: Ball
2-2: Foul Ball, location: 23F
2-2: Foul Ball, location: 5F
2-2: Foul Ball, location: 7LMFF
2-2: Strikes out swinging
Top of the 9th over - 0 runs, 0 hits, 0 errors, 0 left on base; Vancouver 1 - Eugene 3
Monday, April 29th , 2024 - OOTP Baseball 24.10 Build 82